 Dungeon Crawl Stone Soup version 0.13.0-3-g966e3ec (webtiles) character file.

88597 Lilouch the Bludgeoner (level 15, -4/97 HPs)
             Began as a Gargoyle Fighter on Oct 13, 2013.
             Was the Champion of Okawaru.
             Incinerated by a smoke demon (7 damage)
             ... with a sticky flame
             ... on Level 4 of the Orcish Mines.
             The game lasted 05:40:19 (30919 turns).

Lilouch the Bludgeoner (Gargoyle Fighter)          Turns: 30919, Time: 05:40:20

HP  -4/97        AC 40     Str 28      XL: 15   Next: 86%
MP  14/14        EV  8     Int 10      God: Okawaru [******]
Gold 2357        SH 30     Dex  9      Spells:  3 memorised,  7 levels left

Res.Fire  : . . .   See Invis. : +   a - +5,+3 flail (protect)
Res.Cold  : + . .   Warding    : .   A - +2 chain mail {MR+}
Life Prot.: + . .   Conserve   : .   E - +2 shield
Res.Poison: +       Res.Corr.  : .   r - +1 dwarf visored helmet
Res.Elec. : +       Clarity    : .   o - +2 cloak {MR+}
Sust.Abil.: . .     Spirit.Shd : .   B - +0 pair of dwarf gauntlets {Str+3}
Res.Mut.  : .       Stasis     : .   W - +0 pair of boots
Res.Rott. : +       Flight     : .   J - amulet of the gourmand
Gourmand  : +                        Q - ring of protection from cold
                                     k - ring of see invisible

@: liquid flames, glowing, very resistant to hostile enchantments, extremely
unstealthy
A: large and strong wings, fangs 1, talons 2, berserk 1, blink 1, life
protection 1, electricity resistance, slow metabolism 1, unbreathing,
petrification resistance, AC +11
a: Fly, Blink, Heroism, Finesse, Renounce Religion


You were on level 4 of the Orcish Mines.
You worshipped Okawaru.
Okawaru was exalted by your worship.
You were very full.

You visited 4 branches of the dungeon, and saw 27 of its levels.

You collected 2337 gold pieces.

Inventory:

Hand weapons
 a - a +5,+3 flail of protection (weapon)
 p - a +2,+4 scimitar of flaming
 t - a -1,+1 orcish flail of draining
 L - a +2 blowgun
Missiles
 C - 130 poisoned needles
 H - 6 curare-tipped needles
Armour
 o - a +2 cloak of magic resistance (worn)
 r - a +1 dwarven visored helmet (worn)
 A - a +2 chain mail of magic resistance (worn)
 B - a +0 pair of dwarven gauntlets of strength (worn)
 E - a +2 shield (worn)
 W - a +0 pair of boots (worn)
Magical devices
 b - a wand of teleportation (2)
 d - a wand of slowing (16) {unknown}
 i - a wand of draining (4)
 m - a wand of confusion (6)
 n - a wand of random effects (13)
 T - a wand of random effects (10)
Scrolls
 f - 3 scrolls of remove curse
 l - a scroll of holy word {unknown}
 s - a scroll of identify
 u - 2 scrolls of teleportation
 G - 3 scrolls of blinking
 R - a scroll of brand weapon {unknown}
 U - a scroll of torment {unknown}
Jewellery
 k - a ring of see invisible (left hand)
 q - an uncursed amulet of resist corrosion
 J - an amulet of the gourmand (around neck)
 Q - a ring of protection from cold (right hand)
Potions
 e - 3 potions of heal wounds
 g - a potion of berserk rage {unknown}
 z - 12 potions of curing
 D - a potion of slowing {unknown}
 F - a potion of invisibility {unknown}
 K - a potion of flight
 N - a potion of degeneration {unknown}
 P - 2 potions of speed
 Y - 2 potions of brilliance {unknown}


   Skills:
 * Level 14.5 Fighting
 * Level 17.8 Maces & Flails
 + Level 13.4 Armour
 + Level 13.6 Shields


You had 7 spell levels left.
You knew the following spells:

 Your Spells              Type           Power        Failure   Level  Hunger
a - Call Canine Familiar  Summ           #.........   100%        3    ####...
b - Apportation           Tloc           #.........   96%         1    ##.....
c - Regeneration          Chrm/Necr      #.........   100%        3    ####...


Dungeon Overview and Level Annotations

Branches:
Dungeon (11/27)            Temple (0/1) D:7             Orc (4/4) D:6
    Elf (0/3) Orc:4          Lair (8/8) D:11          Swamp (0/5) Lair:5
 Spider (4/5) Lair:4        Slime (0/6) Lair:7

Altars:
Fedhas
Makhleb
Nemelex Xobeh
Okawaru
Xom
Zin

Shops:
D:6 (   D:8 *   Orc:4 [+


Innate Abilities, Weirdness & Mutations

You are resistant to torment.
You are immune to poison.
You can fly continuously.
Your stone body is very resilient (AC +11).
Your wings are large and strong.
You have very sharp teeth.
You have razor-sharp toenails.
You resist negative energy.
You are resistant to electric shocks.
You have a slow metabolism.
You can survive without breathing.
You are immune to petrification.
You tend to lose your temper in combat.
You can translocate small distances at will.


Message History

One of your 4 scrolls of remove curse catches fire!
One of your 4 scrolls of teleportation catches fire!
* * * LOW HITPOINT WARNING * * *
The orc knight roars a battle-cry!
The orc warrior goes into a battle-frenzy!
The smoke demon gestures at you. Something smites you!
* * * LOW HITPOINT WARNING * * *
The orc zombie closely misses you.
You are covered in liquid flames!
One of your 3 scrolls of teleportation catches fire!
Your scroll of fear catches fire!
* * * LOW HITPOINT WARNING * * *
The sixfirhy disappears in a puff of smoke!
There is a stone staircase leading up here.
You see here an orcish club.
You are covered in liquid flames!
Your scroll labeled GAHATE HESIHIL catches fire!
Your scroll labeled WUSMOA LAHUGAKK catches fire!
You die...

.......##......#.....#.#
......#........##..)...
##.#..#..##.....[......
#......................
##......................
##.......................
#....................#...
#........z.4..........#..
##......@z.3...........).
##.......)o.....)..[...%.
##.......3.3o......[[....#
#.....#.............).[.##
#.......................#
##4.........[.......[....
##.............[.....##...
#........#o..[.[..[..#....
#...........4...[..[###...


You could see an orc knight, an orc high priest, an ice devil, a hellwing, 2
smoke demons, a blue devil (wandering), an orc warrior (frenzied) and 2 orc
zombies.

Vanquished Creatures
  Rupert (Lair:3)
  Gastronok (Lair:1)
  The ghost of yokelz the Nimble, a powerful TrMo of Cheibriados (Lair:8)
  2 hydras
  Harold (Orc:1)
  Erica (Orc:2)
  2 orc high priests (Orc:4)
  16 death yaks
  4 catoblepae (Lair:8)
  Nergalle (D:10)
  The ghost of Lilouch the Basher, an experienced GrFi of Okawaru (D:9)
  The ghost of jazmu the Basher, an experienced GrFi of Okawaru (Lair:1)
  4 hill giants
  An orc knight (Orc:4)
  7 red wasps
  2 cyclopes
  2 griffons
  12 wolf spiders
  8 elephants
  Maurice (Orc:2)
  14 spiny frogs
  4 black mambas
  4 demonic crawlers
  An efreet (D:10)
  7 komodo dragons
  8 orb spiders
  A queen bee (Spider:2)
  15 jumping spiders
  Sonja (D:10)
  5 trolls
  3 polar bears
  A two-headed ogre (Orc:3)
  9 blink frogs
  2 boulder beetles
  A grizzly bear (D:9)
  3 wyverns
  A basilisk (Lair:7)
  12 trapdoor spiders
  12 tarantellas
  34 redbacks
  27 yaks
  11 hippogriffs
  3 elephant slugs
  A hill giant skeleton (D:11)
  9 wolves
  A chaos spawn (Orc:4)
  2 hungry ghosts
  2 merfolk
  Edmund (D:8)
  The ghost of Lilouch the Cudgeler, an average GrFi of Okawaru (D:4)
  Menkaure (D:5)
  11 porcupines
  2 manticores
  18 orc warriors
  3 sky beasts
  3 ice beasts
  A yellow wasp (Spider:4)
  8 black bears
  2 phantoms
  12 ogres
  5 boring beetles
  A warg (Orc:3)
  Duvessa (Orc:1)
  3 centaurs
  6 giant slugs
  9 crocodiles
  12 water moccasins
  8 agate snails
  A manticore zombie (D:6)
  12 giant frogs
  A jellyfish (Spider:4)
  2 yak zombies
  26 killer bees (Spider:2)
  10 wights
  A troll skeleton (D:10)
  8 electric eels
  13 jellies
  A giant frog zombie (D:8)
  Dowan (Orc:1)
  8 crimson imps
  A quasit (D:7)
  18 hounds
  A goliath beetle (Spider:2)
  7 spiders
  4 big fish
  A giant frog skeleton (D:10)
  9 orc priests
  A black bear skeleton (D:4)
  3 spectral orcs
  4 iguanas
  17 orc wizards
  4 worker ants
  31 sheep
  7 scorpions
  A hound zombie (D:6)
  A mummy (D:8)
  2 worker ant zombies
  6 gnolls
  29 adders
  6 giant centipedes
  58 green rats
  2 giant mites
  4 worms
  4 ufetubi (Orc:3)
  A scorpion zombie (D:6)
  3 giant eyeballs
  A grey rat (Lair:1)
  5 giant geckos
  2 oozes
  75 orcs
  3 ball pythons
  15 hobgoblins
  10 jackals
  24 bats
  3 giant cockroaches
  5 giant newts
  22 goblins
  A hobgoblin zombie (D:7)
  28 kobolds
  9 quokkas
  14 rats
  16 ballistomycetes
  16 fungi
929 creatures vanquished.

Vanquished Creatures (others)
  A crocodile (Lair:7)
  A giant slug (Lair:7)
  A giant frog (Lair:7)
  A water moccasin (Lair:7)
  An orc wizard (Orc:4)
  A jackal (Lair:5)
  4 giant spores
  A ballistomycete (D:11)
  A fungus (Lair:3)
  A plant (Lair:8)
13 creatures vanquished.

Grand Total: 942 creatures vanquished

Notes
Turn   | Place    | Note
--------------------------------------------------------------
     0 | D:1      | Lilouch, the Gargoyle Fighter, began the quest for the Orb.
     0 | D:1      | Reached XP level 1. HP: 14/14 MP: 0/0
   109 | D:1      | Reached XP level 2. HP: 19/19 MP: 1/1
   524 | D:2      | Reached XP level 3. HP: 24/24 MP: 2/2
   851 | D:2      | Reached skill level 4 in Shields
   851 | D:2      | Reached XP level 4. HP: 16/28 MP: 3/3
  1602 | D:3      | Reached XP level 5. HP: 30/33 MP: 4/4
  1650 | D:3      | Noticed an ogre
  1657 | D:3      | Killed an ogre
  2218 | D:4      | Found a glowing silver altar of Zin.
  2218 | D:4      | Noticed a phantom
  2280 | D:4      | Killed a phantom
  2280 | D:4      | Reached skill level 5 in Maces & Flails
  2280 | D:4      | Reached skill level 5 in Shields
  2280 | D:4      | Reached XP level 6. HP: 33/38 MP: 5/5
  2347 | D:4      | Noticed Lilouch's ghost (average GrFi)
  2909 | D:4      | Killed Lilouch's ghost
  2909 | D:4      | Reached skill level 5 in Armour
  2909 | D:4      | Reached XP level 7. HP: 7/42 MP: 6/6
  3798 | D:5      | Entered Level 5 of the Dungeon
  3815 | D:5      | Noticed a hungry ghost
  3834 | D:5      | Killed a hungry ghost
  3834 | D:5      | Reached skill level 6 in Maces & Flails
  4011 | D:5      | Found a blossoming altar of Fedhas.
  4156 | D:5      | Noticed Menkaure
  4169 | D:5      | Killed Menkaure
  4406 | D:5      | Paralysed by a giant eyeball for 4 turns
  4412 | D:5      | Paralysed by a giant eyeball for 3 turns
  4501 | D:5      | Reached XP level 8. HP: 48/48 MP: 7/7
  4549 | D:5      | Paralysed by a giant eyeball for 2 turns
  4553 | D:5      | Paralysed by a giant eyeball for 2 turns
  4779 | D:5      | Reached skill level 7 in Maces & Flails
  4938 | D:6      | Gained mutation: You tend to lose your temper in combat. [mutagenic meat]
  5140 | D:6      | Reached skill level 8 in Maces & Flails
  5380 | D:6      | Found a staircase to the Orcish Mines.
  5446 | D:6      | Found Icotaing's Antique Weapon Boutique.
  5468 | D:6      | Reached XP level 9. HP: 41/52 MP: 8/8
  5535 | D:6      | Reached skill level 9 in Maces & Flails
  5894 | D:7      | Found a shimmering altar of Xom.
  6082 | D:7      | Found a burning altar of Makhleb.
  6317 | D:7      | Found an iron altar of Okawaru.
  6347 | D:7      | Became a worshipper of Warmaster Okawaru
  6473 | D:7      | Reached skill level 10 in Maces & Flails
  6538 | D:7      | Found a staircase to the Ecumenical Temple.
  6772 | D:8      | Acquired Okawaru's first power
  6917 | D:8      | Found Giqadeiczu's Hardware Store.
  6920 | D:8      | Noticed a hill giant
  6939 | D:8      | Reached XP level 10. HP: 42/57 MP: 9/9
  6968 | D:8      | Killed a hill giant
  6968 | D:8      | Reached skill level 11 in Maces & Flails
  7159 | D:8      | Gained mutation: You can translocate small distances at will. [mutagenic meat]
  7396 | D:9      | Noticed Edmund
  7415 | D:8      | Killed Edmund
  7651 | D:9      | Noticed Lilouch's ghost (experienced GrFi)
  7702 | D:9      | Killed Lilouch's ghost
  7763 | D:9      | Reached skill level 12 in Maces & Flails
  7801 | D:9      | Found a sparkling altar of Nemelex Xobeh.
  7861 | D:9      | Noticed a griffon
  7873 | D:9      | Noticed a death yak
  7924 | D:9      | Learned a level 3 spell: Call Canine Familiar
  8658 | D:10     | Entered Level 10 of the Dungeon
  8798 | D:10     | Noticed Nergalle
  9491 | D:10     | Noticed Sonja
  9549 | D:10     | Killed Sonja
  9641 | D:10     | Reached XP level 11. HP: 61/63 MP: 10/10
 10159 | D:10     | Noticed a hill giant
 10170 | D:10     | Killed a hill giant
 10170 | D:10     | Reached skill level 5 in Fighting
 10454 | D:10     | Killed Nergalle
 10793 | D:11     | Noticed a hill giant
 10824 | D:11     | Killed a hill giant
 10882 | D:11     | Paralysed by a potion of paralysis for 2 turns
 10903 | D:11     | Reached skill level 10 in Shields
 10926 | D:11     | Reached skill level 13 in Maces & Flails
 10947 | D:11     | Noticed an eight-headed hydra
 11030 | D:11     | Killed a hydra
 11030 | D:11     | Acquired Okawaru's second power
 11435 | D:11     | Found a staircase to the Lair.
 11559 | D:11     | Noticed a hill giant
 11572 | D:11     | Killed a hill giant
 11572 | D:11     | Received a gift from Okawaru
 11713 | D:11     | Reached skill level 10 in Armour
 11724 | Lair:1   | Entered Level 1 of the Lair of Beasts
 11876 | Lair:1   | Learned a level 1 spell: Apportation
 11940 | Lair:1   | Noticed Gastronok
 11966 | Lair:1   | Killed Gastronok
 11966 | Lair:1   | Reached XP level 12. HP: 24/72 MP: 11/11
 12051 | Lair:1   | Noticed jazmu's ghost (experienced GrFi)
 12077 | Lair:1   | Killed jazmu's ghost
 13031 | Lair:2   | Reached skill level 14 in Maces & Flails
 13782 | Lair:3   | Noticed Rupert
 13782 | Lair:3   | Paralysed by Rupert for 2 turns
 13799 | Lair:3   | Paralysed by Rupert for 4 turns
 13810 | Lair:3   | Paralysed by Rupert for 4 turns
 13830 | Lair:3   | Killed Rupert
 15282 | Lair:4   | Reached skill level 10 in Fighting
 15282 | Lair:4   | Reached XP level 13. HP: 78/80 MP: 12/12
 15347 | Lair:4   | Found a hole to the Spider Nest.
 15490 | Spider:1 | Entered Level 1 of the Spider Nest
 16042 | Spider:1 | Reached skill level 15 in Maces & Flails
 16082 | Spider:1 | Received a gift from Okawaru
 17719 | Spider:2 | Received a gift from Okawaru
 18288 | Spider:3 | HP: 4/81 [disintegration (18)]
 18887 | Spider:3 | Gained mutation: Your wings are large and strong. [gargoyle growth]
 18887 | Spider:3 | Reached XP level 14. HP: 59/88 MP: 13/13
 19551 | Spider:4 | Reached skill level 16 in Maces & Flails
 19915 | Spider:3 | Received a gift from Okawaru
 20517 | Spider:4 | Identified a scroll of acquirement
 21995 | Lair:5   | Found a staircase to the Swamp.
 23055 | Lair:6   | Received a gift from Okawaru
 23492 | Lair:7   | Found a staircase to the Slime Pits.
 24259 | Lair:1   | Learned a level 3 spell: Regeneration
 24634 | Lair:7   | Got a steaming hand axe
 25165 | Lair:8   | Entered Level 8 of the Lair of Beasts
 25254 | Lair:8   | Got a pair of heavily runed gloves
 25335 | Lair:8   | Reached XP level 15. HP: 71/95 MP: 14/14
 25427 | Lair:8   | Reached skill level 17 in Maces & Flails
 25788 | Lair:8   | Received a gift from Okawaru
 25792 | Lair:8   | Got an ancient scale mail {god gift}
 25809 | Lair:8   | Identified the +6 scale mail "Jyatesat" {rF+ Int+2 Curse} (Okawaru gifted it to you on level 8 of the Lair of Beasts)
 25813 | Lair:8   | Identified the +1 pair of gloves of Jotaun {SInv} (You found it on level 8 of the Lair of Beasts)
 26027 | Lair:8   | Got a pitted bow
 26041 | Lair:8   | Noticed yokelz's ghost (powerful TrMo)
 26130 | Lair:8   | Killed yokelz's ghost
 26378 | Lair:8   | Identified the bow "Paor" {frost, +Inv} (You found it on level 8 of the Lair of Beasts)
 26382 | Lair:8   | Identified the hand axe of Rotih {flame, rC+} (You found it on level 7 of the Lair of Beasts)
 28201 | D:9      | Killed a death yak
 28251 | D:9      | Killed a griffon
 28487 | Orc:1    | Entered Level 1 of the Orcish Mines
 28503 | Orc:1    | Noticed Duvessa
 28504 | Orc:1    | Noticed Dowan
 28515 | Orc:1    | Killed Duvessa
 28522 | Orc:1    | Killed Dowan
 28799 | Orc:2    | Noticed Harold
 28799 | Orc:2    | Noticed Maurice
 28808 | Orc:1    | Killed Harold
 28816 | Orc:2    | Killed Maurice
 28860 | Orc:2    | Noticed Erica
 28881 | Orc:2    | Killed Erica
 29646 | Orc:4    | Entered Level 4 of the Orcish Mines
 29738 | Orc:4    | Found Stait's Antique Armour Shop.
 30274 | Orc:4    | Found Cluanas' Book Boutique.
 30294 | Orc:4    | Found a staircase to the Elven Halls.
 30918 | Orc:4    | HP: 3/97 [burnt (7)]
 30919 | Orc:4    | Incinerated by a smoke demon

Action                   |  1- 3 |  4- 6 |  7- 9 | 10-12 | 13-15 || total
-------------------------+-------+-------+-------+-------+-------++-------
Melee: Mace              |   124 |   268 |    12 |       |       ||   404
       Flail             |       |       |   617 |  1118 |  2594 ||  4329
       Unarmed           |       |       |       |    43 |       ||    43
       Scimitar          |       |       |       |    11 |    18 ||    29
 Fire: Blowgun           |       |       |    12 |     7 |   125 ||   144
Throw: Stone             |       |       |       |     4 |       ||     4
       Dart              |       |       |       |       |     7 ||     7
 Cast: Apportation       |       |       |       |       |     5 ||     5
Invok: Heroism           |       |       |       |    11 |    10 ||    21
 Abil: Blink             |       |       |       |     1 |     2 ||     3
Evoke: Deck              |       |       |       |    20 |       ||    20
       Wand              |       |       |       |    17 |     2 ||    19
       Miscellaneous     |       |       |       |     1 |       ||     1
  Use: Scroll            |       |     2 |    15 |    18 |     8 ||    43
       Potion            |       |       |       |     3 |     4 ||     7
 Stab: Petrifying        |       |       |       |       |     1 ||     1
